 Dungeon Crawl Stone Soup version 0.22.1-2-g9c5b331383 (webtiles) character file.

403 Pytinka the Covert (level 6, -7/46 HPs)
             Began as a Vampire Assassin on Dec 23, 2018.
             Mangled by a centaur
             ... wielding a cursed +0 shortbow
              (9 damage)
             ... on level 5 of the Dungeon on Dec 25, 2018.
             The game lasted 00:05:20 (4042 turns).

Pytinka the Covert (Vampire Assassin)               Turns: 4042, Time: 00:05:20

Health: -7/46      AC:  6    Str: 10    XL:     6   Next: 55%
Magic:  6/6        EV: 13    Int: 14    God:
Gold:   185        SH:  0    Dex: 17    Spells: 5/5 levels left

rFire    . . .     SeeInvis +   a - +2 dagger
rCold    + . .     Gourm    +   (no shield)
rNeg     + + +     Faith    .   c - +0 robe
rPois    +         Spirit   .   (no helmet)
rElec    .         Reflect  .   p - +0 cloak
rCorr    .         Harm     .   t - +1 pair of gloves
MR       .....     Rnd*Tele +   k - +0 pair of boots
Stlth    +++++.....             o - amulet of the gourmand
HPRegen  0.07/turn              q - ring of positive energy
MPRegen  0.10/turn              y - ring of teleportation (curse)

@: regenerating slowly
A: fangs 3, see invisible, unbreathing
a: Bat Form


You were on level 5 of the Dungeon.
You were very thirsty.

You visited 1 branch of the dungeon, and saw 5 of its levels.

You collected 185 gold pieces.

Inventory:

Hand Weapons
 a - a +2 dagger (weapon)
 b - a +0 blowgun
Missiles
 e - 42 poisoned needles
 f - 2 curare-tipped needles
 A - 6 needles of confusion
Armour
 c - a +0 robe (worn)
 d - a +0 cloak
 i - a +0 pair of gloves
 k - a +0 pair of boots (worn)
 p - a +0 cloak (worn)
 t - a +1 pair of gloves (worn)
Jewellery
 o - an amulet of the gourmand (around neck)
 q - a ring of positive energy (left hand)
 s - an uncursed ring of see invisible {unknown}
 y - a cursed ring of teleportation (right hand)
Scrolls
 j - 3 scrolls of identify
 l - 4 scrolls of amnesia {unknown}
 u - 3 scrolls of enchant armour {unknown}
 v - 2 scrolls of magic mapping {unknown}
 x - a scroll of teleportation {unknown}
 B - a scroll of enchant weapon {unknown}
 C - a scroll of remove curse
Potions
 g - 20 potions of blood
 h - a potion of flight
 m - a potion of ambrosia {unknown}
 n - 5 potions of heal wounds {unknown}
 r - a potion of cancellation {unknown}
 w - a potion of brilliance {unknown}
 z - a potion of curing {unknown}


   Skills:
 + Level 2.8 Fighting
 + Level 4.2 Short Blades
 + Level 1.5 Throwing
 + Level 3.1 Dodging
 + Level 9.2 Stealth
 + Level 0.2 Unarmed Combat


You had 5 spell levels left.
You didn't know any spells.
Your spell library was empty.

Dungeon Overview and Level Annotations

Branches:
Dungeon (5/15)
 Temple: D:4-7

Altars:
Elyvilon
Gozag
Qazlal
Sif Muna

Shops:
D:4 [


Innate Abilities, Weirdness & Mutations

You heal slowly.
You have razor-sharp teeth.
You have supernaturally acute eyesight. (SInv)
You can survive without breathing.


Message History

The centaur hits you with a shortbow. The centaur barely misses you.
The centaur barely misses you. The centaur misses you.
The centaur completely misses you.
The centaur hits you but does no damage.
The centaur hits you with a shortbow. The centaur closely misses you.
The centaur hits you but does no damage.
The centaur hits you with a shortbow! The centaur hits you with a shortbow.
* * * LOW HITPOINT WARNING * * *
The centaur hits you but does no damage. x2
The centaur hits you but does no damage.
The centaur hits you with a shortbow.
* * * LOW HITPOINT WARNING * * *
The centaur hits you with a shortbow.
* * * LOW HITPOINT WARNING * * *
The centaur hits you with a shortbow.
* * * LOW HITPOINT WARNING * * *
The centaur hits you with a shortbow!
You die...

#.......#
#...$...#
#>......#
#.......#
#.:.....#
#.......# #
#...c...####..
#...@...#....#
##.........#
.......(....## .
#########..##
#.#......##..##
#.........#...##
#..........#..<#
#..........#.#.#
#..........#.....


You could see a centaur.

Vanquished Creatures
  A phantom (D:4)
  A howler monkey (D:4)
  2 orc priests (D:3)
  A bullfrog skeleton (D:4)
  3 gnolls (D:3)
  6 adders
  An ooze (D:3)
  An adder zombie (D:3)
  3 worms
  A dart slug (D:1)
  A leopard gecko (D:1)
  11 orcs
  4 bats
  6 giant cockroaches
  8 goblins
  8 hobgoblins
  2 jackals (D:2)
  9 kobolds
  4 quokkas
  7 frilled lizards
  13 rats
93 creatures vanquished.

Notes
Turn   | Place    | Note
-------+----------+-------------------------------------------
     0 | D:1      | Pytinka the Vampire Assassin began the quest for the Orb.
     0 | D:1      | Reached XP level 1. HP: 16/16 MP: 1/1
    71 | D:1      | Reached skill level 6 in Stealth
   135 | D:1      | Reached XP level 2. HP: 17/22 MP: 2/2
   816 | D:2      | Reached XP level 3. HP: 27/27 MP: 3/3
   826 | D:2      | Reached skill level 7 in Stealth
  1787 | D:3      | Reached XP level 4. HP: 33/33 MP: 4/4
  1914 | D:3      | Reached skill level 8 in Stealth
  2083 | D:3      | Reached XP level 5. HP: 36/38 MP: 5/5
  2586 | D:3      | Found a white marble altar of Elyvilon.
  2592 | D:3      | Found a stormy altar of Qazlal.
  3184 | D:4      | Found an opulent altar of Gozag.
  3319 | D:4      | Reached XP level 6. HP: 27/46 MP: 6/6
  3471 | D:4      | Found a deep blue altar of Sif Muna.
  3583 | D:4      | Reached skill level 9 in Stealth
  3781 | D:4      | Found Sumesch's Antique Armour Boutique.
  4001 | D:5      | Entered Level 5 of the Dungeon
  4041 | D:5      | HP: 2/46 [centaur/shortbow (6)]
  4042 | D:5      | Mangled by a centaur

Skill      XL: |  1  2  3  4  5  6 |
---------------+-------------------+-----
Stealth        | 6 7 8 9 |  9.2
Fighting       | 2 |  2.8
Short Blades   | 3 4 |  4.2
Dodging        | 2 3 |  3.1
Throwing       | |  1.5
Unarmed Combat | |  0.2

Action                   |  1- 3 |  4- 6 || total
-------------------------+-------+-------++-------
Melee: Dagger            |   124 |   215 ||   339
       Bite              |    19 |    17 ||    36
       Unarmed           |    15 |       ||    15
 Abil: End Transformatio |     1 |       ||     1
       Bat Form          |     1 |       ||     1
  Use: Scroll            |     2 |       ||     2
       Potion            |     2 |     4 ||     6
 Stab: Sleeping          |    16 |    15 ||    31
       Distracted        |     1 |       ||     1
Armor: Robe              |    35 |    56 ||    91
Dodge: Dodged            |    68 |   120 ||   188
